Map: Frost LE

Players

Hostis - Winner!

  • Race: Terran Terran
  • League: Platinum

blackxored

  • Race: Zerg Zerg
  • League: Platinum

VOD

Have the link to the VOD?

Description

Time

  • Played on: June 29, 2016, 6:21 p.m.
  • Length: 16:40
Show
View Real Time Build Order
Export as new Build Order

Hostis Terran - Winner!

Build Orders:  

Get SALT Encoding   

  12  0:01  SCV  
  13  0:13  SCV  
  14  0:20  Supply Depot  
  14  0:25  SCV  
  15  0:36  Refinery  
  15  0:42  SCV  
  16  0:45  Barracks  
  16  0:54  SCV  
  17  1:06  SCV  
  19  1:18  SCV  
  19  1:30  Refinery, SCV  
  19  1:32  Barracks  
  20  1:34  Reaper  
  20  1:39  Supply Depot  
  21  1:49  Orbital Command  
  21  2:04  Supply Depot  
  21  2:06  Reaper  
  22  2:20  Reaper  
  23  2:24  SCV  
  24  2:36  SCV  
  25  2:38  Reaper  
  26  2:52  Reaper, SCV  
  28  3:00  Command Center  
  29  3:05  SCV  
  29  3:10  Reaper  
  30  3:24  Reaper  
  31  3:39  Barracks  
  31  3:41  Engineering Bay  
  31  3:42  Engineering Bay, Reaper  
  31  3:43  SCV  
  31  3:47  Refinery  
  33  3:49  Refinery  
  33  3:56  Reaper  
  34  4:16  Reaper  
  35  4:22  Orbital Command  
  35  4:26  Terran Infantry Weapons Level 1, Terran Infantry Armor Level 1  
  35  4:30  Reaper  
  35  4:31  Reaper  
  37  4:48  Reaper  
  38  5:03  Reaper x2  
  37  5:14  Orbital Command  
  37  5:20  Reaper  
  38  5:27  SCV  
  39  5:35  Factory, Reaper x2  
  41  5:39  SCV  
  41  5:51  SCV  
  41  5:52  Reaper  
  43  5:58  SCV  
  43  6:03  SCV  
  45  6:10  SCV  
  46  6:16  SCV  
  47  6:22  SCV  
  48  6:28  SCV  
  49  6:34  SCV  
  50  6:40  SCV  
  51  6:55  Reaper x3  
  51  7:00  Armory  
  54  7:05  Supply Depot x2  
  54  7:06  Supply Depot x2  
  57  7:39  Barracks Reactor  
  57  7:42  Barracks Reactor x2  
  54  7:47  Barracks  
  54  7:50  Terran Infantry Armor Level 2, Terran Infantry Weapons Level 2  
  54  7:54  Command Center  
  53  8:57  Reaper x4  
  53  8:58  Reaper  
  57  9:12  Orbital Command  
  57  9:23  Factory Tech Lab  
  57  9:29  Reaper x3  
  57  9:30  Reaper  
  61  10:00  Reaper  
  61  10:01  Reaper  
  61  10:24  Reaper x3  
  61  10:26  Terran Infantry Weapons Level 3, Terran Infantry Armor Level 3  
  64  10:32  Reaper  
  65  10:42  Reaper  
  66  10:56  Reaper x3, Missile Turret x3  
  69  10:58  Missile Turret  
  69  11:03  Missile Turret  
  69  11:05  Missile Turret  
  69  11:06  Missile Turret  
  69  11:15  Missile Turret  
  68  11:31  Reaper x5  
  73  11:35  SCV x3, Missile Turret  
  76  11:44  Siege Tank  
  79  11:47  SCV x3  
  79  11:49  Supply Depot  
  79  11:50  Supply Depot  
  79  11:51  Supply Depot  
  82  11:59  SCV x3  
  85  12:03  Reaper  
  86  12:16  Siege Tank  
  89  12:34  Command Center  
  89  12:37  Command Center  
  89  12:41  Reaper x5  
  92  13:17  Marine x5  
  97  13:35  Marine x2  
  98  13:44  Starport x2  
  98  13:45  Starport  
  98  13:47  Starport  
  97  13:57  Marine  
  97  13:58  Marine x4  
  97  14:01  Orbital Command  
  102  14:07  Orbital Command  
  102  14:10  Refinery  
  102  14:15  Marine  
  102  14:16  Marine x4  
  107  14:26  Starport Reactor x2  
  107  14:27  Starport Reactor  
  107  14:32  Terran Ship Weapons Level 1  
  107  14:33  Marine  
  107  14:37  Starport Reactor  
  108  14:55  Liberator x2  
  108  14:56  Liberator x4  
  108  14:57  Liberator  
  106  15:10  Viking  
  126  15:20  SCV x2  
  126  15:21  SCV x3  
  134  15:31  Refinery  
  134  15:32  SCV  
  134  15:33  SCV x3  
  138  15:45  SCV  
  139  15:51  Refinery x2  
  139  15:57  SCV  
Show
View Real Time Build Order
Export as new Build Order

blackxored Zerg 

Build Orders: Hatch First 

Get SALT Encoding   

  12  0:02  Drone  
  13  0:08  Drone  
  14  0:17  Overlord  
  14  0:22  Extractor  
  14  0:24  Drone  
  15  0:36  Drone x2  
  17  0:55  Hatchery  
  16  0:59  Drone  
  16  1:01  Drone  
  18  1:08  Drone  
  19  1:14  Extractor  
  18  1:20  Spawning Pool  
  17  1:26  Drone  
  17  1:28  Drone  
  19  1:39  Drone  
  20  1:50  Overlord  
  20  2:02  Drone  
  21  2:12  Queen  
  21  2:13  Queen  
  21  2:14  Zergling x4  
  27  2:18  Zergling x2  
  28  2:33  Hatchery  
  28  2:35  Drone  
  28  2:38  Drone  
  28  2:41  Drone  
  29  2:51  Queen  
  31  3:01  Queen  
  33  3:08  Zergling x4  
  35  3:15  Extractor  
  33  3:27  Queen  
  33  3:29  Metabolic Boost  
  35  3:38  Drone  
  35  3:40  Spine Crawler  
  35  3:47  Zergling x4  
  35  3:48  Zergling x6  
  40  4:07  Queen  
  39  4:23  Zergling x4  
  41  4:24  Overlord x2  
  41  4:25  Overlord  
  41  4:39  Overlord  
  41  4:42  Queen  
  41  4:44  Pneumatized Carapace  
  41  5:06  Zergling x2  
  41  5:07  Zergling x6  
  36  5:18  Zergling x2  
  36  5:19  Zergling x6  
  40  5:27  Queen  
  40  5:50  Drone x3  
  40  5:51  Roach Warren, Drone x4  
  46  6:05  Zergling x10  
  50  6:15  Zergling x6  
  49  6:27  Lair  
  49  6:28  Drone x2  
  49  6:53  Zergling x12  
  49  6:54  Zergling x2  
  56  6:57  Queen  
  58  7:06  Zergling x10  
  63  7:13  Zergling x4  
  65  7:22  Drone x3  
  67  7:29  Roach x5  
  73  7:42  Overlord x2  
  73  7:43  Overlord  
  73  7:45  Glial Reconstitution  
  73  8:03  Roach x6  
  85  8:10  Ravager x4  
  89  8:19  Roach x3  
  93  8:32  Roach  
  93  8:34  Drone  
  93  8:35  Drone x3  
  93  8:38  Overlord x2  
  77  8:55  Roach  
  77  8:56  Roach x2  
  77  9:12  Drone x6  
  79  9:22  Roach x2  
  80  9:25  Ravager  
  80  9:30  Drone x3  
  82  9:35  Extractor  
  81  9:41  Ravager  
  81  9:44  Spine Crawler  
  79  9:54  Roach x4  
  79  9:59  Roach  
  89  10:05  Extractor  
  79  10:19  Roach  
  79  10:20  Roach x3  
  84  10:22  Queen x3  
  79  10:38  Drone  
  80  10:45  Drone x8  
  88  10:50  Ravager x2  
  88  10:53  Spine Crawler x2  
  88  10:57  Queen  
  88  10:58  Ravager, Spine Crawler  
  88  10:59  Spine Crawler  
  89  11:34  Spire, Drone x5  
  89  11:39  Drone x4  
  101  11:40  Drone x9  
  101  11:43  Extractor  
  101  11:45  Extractor  
  104  11:59  Ravager x2  
  104  12:00  Ravager  
  105  12:07  Overlord  
  105  12:08  Overlord x3  
  105  12:19  Roach x3  
  105  12:48  Mutalisk x2  
  105  12:49  Mutalisk x3  
  105  12:50  Hatchery  
  82  12:59  Mutalisk x2  
  86  13:11  Mutalisk  
  86  13:25  Mutalisk  
  88  13:28  Zergling x14  
  95  13:39  Mutalisk x2  
  99  13:48  Hatchery  
  98  13:50  Mutalisk  
  98  14:05  Drone x5  
  98  14:06  Drone  
  104  14:20  Mutalisk x3  
  110  14:34  Drone x3  
  110  14:35  Extractor  
  110  14:37  Drone x5  
  110  14:38  Drone  
  118  14:42  Extractor x2  
  116  14:46  Evolution Chamber  
  116  14:48  Evolution Chamber  
  116  14:49  Drone x3  
  116  14:50  Baneling Nest  
  102  15:06  Hatchery  
  101  15:08  Mutalisk x4  
  109  15:19  Queen x2  
  113  15:29  Mutalisk x2  
  113  15:32  Zergling x20  
  127  15:47  Overlord x2  
  127  15:55  Queen  
  129  16:01  Zergling x12  
  129  16:03  Baneling  
  129  16:04  Baneling x3  
  135  16:05  Baneling  
  134  16:12  Baneling x4  
  134  16:13  Baneling x5  
  134  16:23  Hatchery  
Tags
 
Add a new tag
Caveats
  • Supply blocks, unpowered buildings, or Contaminate may cause inaccurate times.
  • Supply counts are checked every 10 seconds.